 Dungeon Crawl Stone Soup version 0.27-b1-41-gafb5482f4b (webtiles) character file.

Game seed: 7453267021350402184

27 Brandom the Chucker (level 3, 0/28 HPs)
             Began as a Human Hunter on July 28, 2021.
             Succumbed to an adder's poison
             ... on level 1 of the Dungeon.
             The game lasted 00:02:24 (1320 turns).

Brandom the Chucker (Human Hunter)                  Turns: 1320, Time: 00:02:24

Health: 0/28       AC:  3    Str: 13    XL:     3   Next: 25%
Magic:  3/3        EV: 12    Int: 11    God:
Gold:   57         SH:  0    Dex: 19    Spells: 2/2 levels left

rFire    . . .     SeeInvis .   a - +0 short sword
rCold    . . .     Faith    .   (no shield)
rNeg     . . .     Spirit   .   b - +0 leather armour
rPois    .         Reflect  .   (no helmet)
rElec    .         Harm     .   (no cloak)
rCorr    .         Rampage  .   (no gloves)
Will     .....                  (no boots)
Stlth    ++........             e - amulet of magic regeneration
HPRegen  0.09/turn              g - +6 ring of dexterity
MPRegen  0.33/turn              (no ring)

@: lethally poisoned (0 -> -2)
A: no striking features
a: no special abilities


You were on level 1 of the Dungeon.
You visited 1 branch of the dungeon, and saw 2 of its levels.

You collected 57 gold pieces.

Inventory:

Hand Weapons
 a - a +0 short sword (weapon)
Missiles
 c - 6 javelins (quivered)
 d - 2 throwing nets {!f}
Armour
 b - a +0 leather armour (worn)
Jewellery
 e - an amulet of magic regeneration (around neck)
   (You found it on level 1 of the Dungeon)
 g - a +6 ring of dexterity (left hand)
   (You found it on level 1 of the Dungeon)
Scrolls
 f - a scroll of identify {unknown}
 h - a scroll of noise {unknown}
 i - a scroll of brand weapon {unknown}
 j - 2 scrolls of enchant weapon {unknown}


   Skills:
 + Level 2.5 Fighting
 + Level 4.3 Throwing
 + Level 2.5 Dodging
 - Level 1.0 Stealth


You had 2 spell levels left.
You didn't know any spells.
Your spell library was empty.

Dungeon Overview and Level Annotations

Branches:
Dungeon (2/15)

Altars:


Message History

Found an encrusted emerald ring.
There is a stone staircase leading up here.
A frilled lizard comes into view.
Found a scroll labelled AKYPPA WATEF.
You miss the adder. The adder bites you but does no damage.
The frilled lizard hisses angrily.
You hit the adder. The adder bites you. The adder barely misses you.
You hit the adder. The adder bites you.
You are poisoned.
The adder poisons you!
You hit the adder but do no damage.
You feel sick. The adder bites you but does no damage. The adder bites you.
You are more poisoned.
The adder poisons you!
You closely miss the adder.
You feel sick. The adder bites you but does no damage.
You hit the adder.
You feel sick. The adder closely misses you. The hobgoblin closely misses you.
You miss the adder.
You feel sick. The adder barely misses you. The frilled lizard bites you.
* * * LOW HITPOINT WARNING * * *
The adder bites you.
* * * LOW HITPOINT WARNING * * *
You are lethally poisoned!
The adder poisons you!
The hobgoblin hits you but does no damage.
* * * LOW HITPOINT WARNING * * *
You feel sick. The hobgoblin completely misses you.
There is a stone staircase leading up here.
Unknown command.
* * * LOW HITPOINT WARNING * * *
You feel sick. The adder misses you. The frilled lizard barely misses you.
The hobgoblin closely misses you. The adder misses you.
You climb upwards.
* * * LOW HITPOINT WARNING * * *
You feel sick.
There is a stone staircase leading down here.
Unknown command.
You aren't carrying any potions.
You closely miss the adder.
* * * LOW HITPOINT WARNING * * *
You feel sick. The frilled lizard barely misses you. The adder bites you.
* * * LOW HITPOINT WARNING * * *
The frilled lizard barely misses you.
You closely miss the adder.
* * * LOW HITPOINT WARNING * * *
You feel sick. The adder bites you but does no damage.
The frilled lizard bites you but does no damage.
You closely miss the adder.
You die...

#############..#.#
#.#......# ##.#.#
#.##....#. #.#.#
#.......#. #.#.#
#####...#.
##...#######.........
#....#....##.#######.
#.#.g#..)†##.# #..(.
#.#lS#....##.# #.##.
#.##@#....##.####.##.
#.####....##......##.
#.# ##....##########.
#.# #..(.............
#.# #.###############
#.###.# #.....#
#####.# #.#


You could see an adder, a hobgoblin and a frilled lizard.

Vanquished Creatures
  2 bats (D:1)
  An endoplasm (D:1)
  2 giant cockroaches (D:1)
  A hobgoblin (D:1)
  9 jackals (D:1)
  2 kobolds (D:1)
  A quokka (D:1)
  2 frilled lizards (D:1)
  A rat (D:1)
21 creatures vanquished.

Notes
Turn   | Place    | Note
-------+----------+-------------------------------------------
     0 | D:1      | Brandom the Human Hunter began the quest for the Orb.
     0 | D:1      | Reached XP level 1. HP: 16/16 MP: 1/1
   376 | D:1      | Reached XP level 2. HP: 20/22 MP: 2/2
   826 | D:1      | Reached XP level 3. HP: 19/28 MP: 3/3
  1319 | D:1      | HP: 1/28 [poisoned by an adder]
  1320 | D:1      | Succumbed to an adder's poison

Illustrated notes

Levels and vault maps discovered:
D:1:      kennysheep_arrival_forest, layout_basic
D:2:      layout_rooms, serial_corexii_hall, corexii_hall_statues_l,
          corexii_hall_statues_s, corexii_hall_statues_i,
          hellmonk_ecumenical_altar_inner_sanctum

Action                   || total
-------------------------++-------
Melee: Short sword       ||   123
Throw: Javelin           ||     1
 Stab: Sleeping          ||     3
Armor: Leather armour    ||    42
Dodge: Dodged            ||    91
